 Dungeon Crawl Stone Soup version 0.29.0-4-gdea44cf6ec (webtiles) character file.

Game seed: 4709274421468290675

4893 qw the Cleaver (level 10, -1/60 HPs)
             Began as a Tengu Warper on Aug 28, 2022.
             Was an Elder of Okawaru.
             Slain by a wraith (3 damage)
             ... on level 8 of the Dungeon.
             The game lasted 00:01:04 (10926 turns).

qw the Cleaver (Tengu Warper)                      Turns: 10926, Time: 00:01:04

Health: -1/60      AC: 21    Str: 15    XL:     10   Next: 51%
Magic:  14/15      EV: 13    Int: 14    God:    Okawaru [****..]
Gold:   448        SH:  0    Dex: 14    Spells: 13/13 levels left

rFire   . . .      SeeInvis .   Y - +0 war axe
rCold   . . .      Faith    .   (no shield)
rNeg    . . .      Spirit   .   f - +0 plate armour
rPois   +          Reflect  .   (helmet restricted)
rElec   .          Harm     .   n - +2 cloak
rCorr   .          Rampage  .   (no gloves)
Will    .....                   (boots unavailable)
Stlth   ..........              (no amulet)
HPRegen 0.20/turn               i - +4 ring of evasion
MPRegen 0.14/turn               a - ring of poison resistance

@: lethally poisoned (-1 -> -2), heroic, flying quickly and evasively, slowed,
very slow
A: beak, talons 3, nimble flight, iridescent scales 1, high MP 1, subdued magic
1
a: Renounce Religion, Heroism, Finesse


You were on level 8 of the Dungeon.
You worshipped Okawaru.
Okawaru was greatly pleased with you.
You visited 2 branches of the dungeon, and saw 11 of its levels.

You collected 448 gold pieces.


Innate Abilities, Weirdness & Mutations

You have a beak for a mouth.
You have claws for feet.
Your magical nature lets you fly swiftly and evasively.
You are partially covered in iridescent scales. (AC +2)
You have an increased reservoir of magic. (+10% MP)
Your spells are a little easier to cast, but a little less powerful.


   Skills:
 - Level 6.0(11.0) Fighting
 + Level 12.2(17.2) Axes
 - Level 1.0(6.0) Throwing
 - Level 7.2(12.2) Armour
 - Level 3.0(8.0) Dodging
 - Level 2.0 Spellcasting
 - Level 2.4 Translocations
 + Level 4.7 Invocations


You had 13 spell levels left.
You didn't know any spells.
Your spell library contained the following spells:

 Spells                   Type           Power      Damage    Failure   Level
 Blink                    Tloc           12%        N/A       98%         2
 Gell's Gravitas          Tloc           6%         N/A       100%        3
 Lesser Beckoning         Tloc           6%         N/A       100%        3
 Teleport Other           Tloc           6%         N/A       100%        3
 Manifold Assault         Tloc           6%         N/A       100%        5

Inventory:

Hand Weapons
 l - a +0 flail of venom
 Y - a +0 war axe (weapon)
Missiles
 b - 3 boomerangs (quivered)
Armour
 f - a +0 plate armour (worn)
 n - a +2 cloak (worn)
Jewellery
 a - a ring of poison resistance (right hand)
 i - a +4 ring of evasion (left hand)
 k - a +6 ring of dexterity
Scrolls
 c - a scroll of identify
Potions
 d - a potion of invisibility {unknown}
 e - 3 potions of curing
 g - 2 potions of mutation
 h - 3 potions of might
 j - a potion of haste
 o - a potion of degeneration {unknown}
 p - a potion of lignification {unknown}
 q - a potion of attraction {unknown}

Dungeon Overview and Level Annotations

Branches:
Dungeon (10/15)            Temple (1/1) D:4             Orc (0/2) D:10
   Lair: D:8-11

Altars:
Ashenzari
Cheibriados
Dithmenos
Elyvilon
Fedhas
Gozag
Hepliaklqana
Kikubaaqudgha
Makhleb
Nemelex Xobeh
Okawaru
Qazlal
Ru
Sif Muna
Trog
Uskayaw
Vehumet
Wu Jian
Xom
Zin
The Shining One

Shops:
D:5 =

Annotations:
D:3 1 runed translucent door, qw's ghost, amateur TeWr
D:4 1 runed translucent door, Crazy Yiuf
D:8 qw's ghost, novice TeWr


Message History

The shadow is severely damaged.
You hit the wraith. You miss qw's ghost. You hit the wraith but do no damage.
You feel sick. The wraith hits you but does no damage. The wraith hits you.
Qw's ghost hits you but does no damage.
The shadow slips into darkness.
The shadow flickers and vanishes!
Deactivating autopickup; reactivate with Ctrl-A.
You miss qw's ghost.
Qw's ghost is moderately damaged.
You hit something. You hit the wraith but do no damage. You hit the wraith.
You feel sick.
You hit qw's ghost but do no damage. You claw qw's ghost.
You peck qw's ghost, but do no damage. You punch qw's ghost.
Qw's ghost is moderately damaged.
You barely miss something. You hit the wraith.
You hit the wraith but do no damage.
You feel sick. The wraith hits you. The wraith drains your vigour!
You feel yourself slow down. The wraith closely misses you.
Qw's ghost misses you.
The shadow strikes at you from the darkness!
Reactivating autopickup.
You hit the shadow.
You destroy the shadow!
Okawaru accepts your kill.
You barely miss the wraith. You hit qw's ghost but do no damage.
You hit the wraith but do no damage.
You feel sick. The wraith misses you. Qw's ghost hits you. The wraith hits you!
The wraith drains your vigour!
You feel as though you will be slow longer.
You slash the wraith! You peck the wraith, but do no damage.
The wraith is severely damaged.
You hit qw's ghost but do no damage. You hit the wraith.
You feel sick. The wraith misses you. Qw's ghost closely misses you.
The wraith misses you.
You hit the wraith. Your kick misses the wraith.
The wraith is almost destroyed.
You barely miss qw's ghost. You hit the wraith.
You feel sick. The wraith hits you but does no damage.
Qw's ghost hits you but does no damage. The wraith hits you.
You die...

##### #........# ###...#####
#........# ##.^.......#
####.#.### .....^..##.# #.#.#
.........#.# #######.##
.^.........#
####.#.#.#..#######
....^^.....#
#..#.....##........
...^.).....#
##.W'....8#....#####
...........###..@W.../.####.###
...^.^^^...##....W...$8#
#...###
...........#.....#.....#
###...#
....^..^^..#.###.#.#.#.# ###.#
........^..#.# #.##### # #.#
...........#.# #.##..## #.#
..^.........>###.#....# #.#
..^^..###......#...##.# #..
#.....##...###....###.# ##.


You could see 2 wraiths and qw's ghost.

Vanquished Creatures
  A two-headed ogre (D:10)
  2 hornets
  A shadow (D:8)
  2 wyverns
  A steam dragon (D:8)
  Menkaure (D:6)
  4 wargs (D:10)
  2 water moccasins
  3 orc warriors
  An ice beast (D:5)
  3 ogres
  A centaur (D:10)
  A phantom (D:5)
  A kobold brigand (D:7)
  A gnoll sergeant (D:9)
  2 bullfrogs (D:6)
  A necrophage (D:7)
  3 scorpions
  3 wights (D:10)
  An electric eel (D:8)
  5 howler monkeys
  2 jellies (D:5)
  6 orc priests
  A gnoll bouda (D:5)
  A hound (D:5)
  2 iguanas (D:6)
  9 orc wizards
  10 adders
  9 gnolls
  A shadow imp (D:6)
  A white imp (D:6)
  3 dart slugs
  33 orcs
  9 ball pythons
  8 bats
  10 endoplasms
  4 giant cockroaches
  8 goblins
  6 hobgoblins
  6 jackals
  15 kobolds
  5 quokkas
  4 frilled lizards
  4 rats
197 creatures vanquished.

Vanquished Creatures (others)
  5 fungi (D:2)
5 creatures vanquished.

Grand Total: 202 creatures vanquished

Notes
Turn   | Place    | Note
-------+----------+-------------------------------------------
     0 | D:1      | qw the Tengu Warper began the quest for the Orb.
     0 | D:1      | Reached XP level 1. HP: 12/12 MP: 4/4
     0 | D:1      | 0 ||| qw: Version: 0.1-a-89-g26bdef1
     0 | D:1      | 0 ||| qw: Game counter: 2253
     0 | D:1      | 0 ||| qw: Always use a shield: true
     0 | D:1      | 0 ||| qw: God list: Okawaru
     0 | D:1      | 0 ||| qw: Allow faded altars: false
     0 | D:1      | 0 ||| qw: Do Orc after D:15 true
     0 | D:1      | 0 ||| qw: Do second Lair branch before Depths: true
     0 | D:1      | 0 ||| qw: Lair rune preference: random
     0 | D:1      | 0 ||| qw: Plans: Normal
     0 | D:1      | 0 ||| PLANNING D:1-11
    76 | D:1      | 76 ||| Stepping ~*~*~tactically~*~*~ (stealth).
    80 | D:1      | Reached skill level 3 in Axes
    80 | D:1      | Reached XP level 2. HP: 17/17 MP: 6/6
    92 | D:1      | 92 ||| Stepping ~*~*~tactically~*~*~ (stealth).
    93 | D:1      | 93 ||| Stepping ~*~*~tactically~*~*~ (stealth).
   167 | D:1      | 167 ||| Stepping ~*~*~tactically~*~*~ (stealth).
   282 | D:1      | 282 ||| Stepping ~*~*~tactically~*~*~ (hiding).
   617 | D:1      | Reached XP level 3. HP: 21/21 MP: 7/7
   922 | D:1      | Reached skill level 4 in Axes
  1069 | D:1      | 1069 ||| Stepping ~*~*~tactically~*~*~ (stealth).
  1126 | D:1      | 1126 ||| UPGRADING to +1 cloak.
  1131 | D:1      | 1131 ||| UPGRADING to +4 ring of evasion.
  1132 | D:1      | 1132 ||| READING 2 scrolls labelled JETRIDWO KUA.
  1133 | D:1      | 1133 ||| READING scroll labelled WOBOEH VASK.
  1134 | D:1      | 1134 ||| READING scroll labelled VAENUU SUNN.
  1135 | D:1      | 1135 ||| READING scroll labelled DUOSHOI TADURY.
  1136 | D:1      | 1136 ||| READING scroll labelled FEZIYDWE OPNOU.
  1137 | D:1      | 1137 ||| READING scroll labelled HADANEAFOOS.
  1253 | D:1      | 1253 ||| DROPPING scroll of magic mapping.
  1254 | D:1      | 1254 ||| DROPPING scroll of blinking.
  1437 | D:2      | 1437 ||| DROPPING +0 club.
  1444 | D:2      | Found a faded altar of an unknown god.
  1482 | D:2      | 1482 ||| READING scroll of enchant armour.
  1482 | D:2      | 1482 ||| ENCHANTING +1 cloak.
  1712 | D:2      | 1712 ||| Stepping ~*~*~tactically~*~*~ (stealth).
  1717 | D:2      | 1717 ||| Stepping ~*~*~tactically~*~*~ (stealth).
  1719 | D:2      | 1719 ||| Stepping ~*~*~tactically~*~*~ (stealth).
  1792 | D:2      | Reached XP level 4. HP: 26/26 MP: 8/8
  2334 | D:2      | 2334 ||| UPGRADING to +0 ring mail.
  2344 | D:2      | 2344 ||| DROPPING +0 leather armour.
  2345 | D:2      | 2345 ||| READING 2 scrolls labelled MUETTOLI AGRO.
  2346 | D:2      | 2346 ||| READING scroll labelled MUBBIHO YKIONK.
  2418 | D:3      | Reached skill level 5 in Axes
  2486 | D:3      | Found a runed translucent door.
  2488 | D:3      | Noticed qw's ghost (amateur TeWr)
  2489 | D:3      | Noticed a necrophage
  2613 | D:3      | 2613 ||| Stepping ~*~*~tactically~*~*~ (stealth).
  2720 | D:3      | 2720 ||| Stepping ~*~*~tactically~*~*~ (stealth).
  2976 | D:3      | Gained mutation: Your magical nature lets you fly swiftly
                  | and evasively. [Tengu growth]
  2976 | D:3      | Reached XP level 5. HP: 30/30 MP: 9/9
  3310 | D:3      | 3310 ||| UPGRADING to +0 plate armour.
  3320 | D:3      | 3320 ||| DROPPING +0 ring mail.
  3321 | D:3      | 3321 ||| DROPPING amulet of magic regeneration.
  3322 | D:3      | 3322 ||| READING scroll labelled GOV VANETZO.
  3323 | D:3      | 3323 ||| READING scroll labelled DOATAE FUMPE.
  3369 | D:3      | 3369 ||| READING 2 scrolls of identify.
  3369 | D:3      | 3369 ||| IDENTIFYING fizzy blue potion
  3370 | D:3      | 3370 ||| DROPPING potion of flight.
  3556 | D:4      | Found a runed translucent door.
  3557 | D:4      | Noticed Crazy Yiuf
  3751 | D:4      | Found a staircase to the Ecumenical Temple.
  3752 | D:4      | 3752 ||| PLANNING TEMPLE
  3760 | Temple   | Entered the Ecumenical Temple
  3768 | Temple   | Became a worshipper of Warmaster Okawaru
  3818 | Temple   | 3818 ||| PLANNING D:1-11
  3878 | D:4      | 3878 ||| Stepping ~*~*~tactically~*~*~ (stealth).
  3880 | D:4      | 3880 ||| Stepping ~*~*~tactically~*~*~ (stealth).
  3888 | D:4      | Reached skill level 3 in Armour
  3900 | D:4      | Noticed an ogre
  3903 | D:4      | 3903 ||| Stepping ~*~*~tactically~*~*~ (hiding).
  3913 | D:4      | Killed an ogre
  3914 | D:4      | Reached skill level 6 in Axes
  3914 | D:4      | Reached XP level 6. HP: 18/35 MP: 10/10
  3914 | D:4      | 3914 ||| Stepping ~*~*~tactically~*~*~ (stealth).
  3918 | D:4      | 3918 ||| Stepping ~*~*~tactically~*~*~ (stealth).
  4112 | D:4      | 4112 ||| Stepping ~*~*~tactically~*~*~ (stealth).
  4124 | D:4      | Reached * piety under Okawaru
  4125 | D:4      | Reached skill level 7 in Axes
  4719 | D:4      | 4719 ||| DRINKING 2 glowing purple potions.
  4719 | D:4      | Gained mutation: You are partially covered in iridescent
                  | scales. (AC +2) [potion of mutation]
  4719 | D:4      | Gained mutation: Your spells are a little easier to cast,
                  | but a little less powerful. [potion of mutation]
  4719 | D:4      | Gained mutation: You have an increased reservoir of magic.
                  | (+10% MP) [potion of mutation]
  4753 | D:5      | Entered Level 5 of the Dungeon
  4793 | D:5      | 4793 ||| INVOKING Heroism.
  4797 | D:5      | Reached XP level 7. HP: 28/40 MP: 9/12
  4890 | D:5      | 4890 ||| DROPPING +0 whip.
  4905 | D:5      | Found Biari's Jewellery Boutique.
  4916 | D:5      | 4916 ||| SHOPLISTING +4 ring of evasion (468 gold, have
                  | 172).
  4916 | D:5      | 4916 ||| SHOPLISTING amulet "Muis Lucw" {Reflect +Blink
                  | rPois Dex-4 Slay+4 SH+5} (735 gold, have 172).
  4916 | D:5      | 4916 ||| SHOPLISTING amulet of Goygupnuob {Reflect Dex+5
                  | SH+5} (617 gold, have 172).
  4916 | D:5      | 4916 ||| SHOPLISTING amulet of regeneration (390 gold, have
                  | 172).
  4916 | D:5      | 4916 ||| SHOPLISTING ring of resist corrosion (260 gold,
                  | have 172).
  4921 | D:5      | 4921 ||| INVOKING Heroism.
  4934 | D:5      | Reached skill level 3 in Fighting
  4935 | D:5      | 4935 ||| Stepping ~*~*~tactically~*~*~ (stealth).
  4942 | D:5      | 4942 ||| INVOKING Heroism.
  4943 | D:5      | 4943 ||| INVOKING Heroism.
  4961 | D:5      | 4961 ||| INVOKING Heroism.
  5046 | D:5      | 5046 ||| FLEEEEING.
  5047 | D:5      | 5047 ||| FLEEEEING.
  5052 | D:5      | 5052 ||| INVOKING Heroism.
  5183 | D:5      | 5183 ||| SWAPPING to +0 war axe.
  5192 | D:5      | Reached skill level 1 in Invocations
  5369 | D:5      | 5369 ||| DROPPING +0 hand axe of freezing.
  5421 | D:5      | 5421 ||| INVOKING Heroism.
  5545 | D:5      | 5545 ||| INVOKING Heroism.
  5547 | D:5      | Reached skill level 8 in Axes
  5603 | D:5      | 5603 ||| Stepping ~*~*~tactically~*~*~ (hiding).
  5608 | D:5      | 5608 ||| INVOKING Heroism.
  6001 | D:5      | Found an opulent altar of Gozag.
  6061 | D:5      | Found a sparkling altar of Nemelex Xobeh.
  6470 | D:5      | 6470 ||| DRINKING 2 sedimented silvery potions.
  6471 | D:5      | 6471 ||| READING 3 scrolls of identify.
  6471 | D:5      | 6471 ||| IDENTIFYING metallic golden potion
  6472 | D:5      | 6472 ||| READING 2 scrolls of identify.
  6472 | D:5      | 6472 ||| IDENTIFYING viscous grey potion
  6484 | D:6      | 6484 ||| STAIRDANCE
  6490 | D:5      | Reached XP level 8. HP: 46/46 MP: 13/13
  6492 | D:6      | 6492 ||| STAIRDANCE
  6507 | D:6      | 6507 ||| STAIRDANCE
  6509 | D:5      | 6509 ||| INVOKING Heroism.
  6527 | D:6      | 6527 ||| STAIRDANCE
  6529 | D:5      | 6529 ||| INVOKING Heroism.
  6640 | D:6      | 6640 ||| Stepping ~*~*~tactically~*~*~ (hiding).
  6641 | D:6      | 6641 ||| Stepping ~*~*~tactically~*~*~ (hiding).
  6669 | D:6      | 6669 ||| Stepping ~*~*~tactically~*~*~ (stealth).
  6670 | D:6      | 6670 ||| Stepping ~*~*~tactically~*~*~ (stealth).
  6875 | D:6      | 6875 ||| INVOKING Heroism.
  6879 | D:6      | Reached skill level 3 in Invocations
  6950 | D:6      | 6950 ||| DROPPING +0 flail.
  7025 | D:6      | Found a shimmering altar of Xom.
  7130 | D:6      | 7130 ||| FLEEEEING.
  7131 | D:6      | 7131 ||| FLEEEEING.
  7132 | D:6      | 7132 ||| FLEEEEING.
  7133 | D:6      | 7133 ||| FLEEEEING.
  7134 | D:6      | 7134 ||| FLEEEEING.
  7135 | D:6      | 7135 ||| FLEEEEING.
  7136 | D:6      | 7136 ||| FLEEEEING.
  7137 | D:6      | 7137 ||| FLEEEEING.
  7143 | D:6      | 7143 ||| FLEEEEING.
  7144 | D:6      | 7144 ||| FLEEEEING.
  7346 | D:6      | 7346 ||| INVOKING Heroism.
  7361 | D:6      | Reached skill level 9 in Axes
  7526 | D:6      | 7526 ||| Stepping ~*~*~tactically~*~*~ (stealth).
  7534 | D:6      | Noticed Menkaure
  7535 | D:6      | 7535 ||| INVOKING Heroism.
  7543 | D:6      | Killed Menkaure
  7599 | D:6      | 7599 ||| INVOKING Heroism.
  7696 | D:6      | 7696 ||| READING 2 scrolls labelled BIABEVA VIERUC.
  7697 | D:6      | 7697 ||| DROPPING scroll of butterflies.
  7747 | D:7      | 7747 ||| Stepping ~*~*~tactically~*~*~ (stealth).
  7759 | D:7      | 7759 ||| Stepping ~*~*~tactically~*~*~ (hiding).
  7761 | D:7      | 7761 ||| INVOKING Heroism.
  7770 | D:7      | Reached XP level 9. HP: 44/52 MP: 11/14
  7788 | D:7      | 7788 ||| Stepping ~*~*~tactically~*~*~ (stealth).
  7856 | D:7      | 7856 ||| Stepping ~*~*~tactically~*~*~ (hiding).
  7863 | D:7      | 7863 ||| INVOKING Heroism.
  7879 | D:7      | Reached ** piety under Okawaru
  7880 | D:7      | Reached skill level 10 in Axes
  8007 | D:7      | 8007 ||| Stepping ~*~*~tactically~*~*~ (stealth).
  8008 | D:7      | 8008 ||| Stepping ~*~*~tactically~*~*~ (stealth).
  8009 | D:7      | 8009 ||| Stepping ~*~*~tactically~*~*~ (stealth).
  8071 | D:7      | 8071 ||| Stepping ~*~*~tactically~*~*~ (stealth).
  8073 | D:7      | 8073 ||| Stepping ~*~*~tactically~*~*~ (stealth).
  8089 | D:7      | 8089 ||| INVOKING Heroism.
  8106 | D:7      | 8106 ||| Stepping ~*~*~tactically~*~*~ (stealth).
  8263 | D:7      | 8263 ||| FLEEEEING.
  8264 | D:7      | 8264 ||| FLEEEEING.
  8265 | D:7      | 8265 ||| FLEEEEING.
  8266 | D:7      | 8266 ||| FLEEEEING.
  8267 | D:7      | 8267 ||| FLEEEEING.
  8268 | D:7      | 8268 ||| FLEEEEING.
  8269 | D:7      | 8269 ||| FLEEEEING.
  8270 | D:7      | 8270 ||| FLEEEEING.
  8271 | D:7      | 8271 ||| FLEEEEING.
  8272 | D:7      | 8272 ||| FLEEEEING.
  8273 | D:7      | 8273 ||| FLEEEEING.
  8274 | D:7      | 8274 ||| FLEEEEING.
  8285 | D:7      | 8285 ||| FLEEEEING.
  8296 | D:7      | 8296 ||| FLEEEEING.
  8307 | D:7      | 8307 ||| FLEEEEING.
  8319 | D:7      | 8319 ||| FLEEEEING.
  8320 | D:7      | 8320 ||| FLEEEEING.
  8321 | D:7      | 8321 ||| FLEEEEING.
  8322 | D:7      | 8322 ||| FLEEEEING.
  8323 | D:7      | 8323 ||| FLEEEEING.
  8324 | D:7      | 8324 ||| FLEEEEING.
  8325 | D:7      | 8325 ||| FLEEEEING.
  8341 | D:7      | 8341 ||| FLEEEEING.
  8343 | D:7      | 8343 ||| FLEEEEING.
  8344 | D:7      | 8344 ||| FLEEEEING.
  8345 | D:7      | 8345 ||| FLEEEEING.
  8346 | D:7      | 8346 ||| FLEEEEING.
  8347 | D:7      | 8347 ||| FLEEEEING.
  8348 | D:7      | 8348 ||| FLEEEEING.
  8352 | D:7      | 8352 ||| INVOKING Heroism.
  8358 | D:7      | 8358 ||| FLEEEEING.
  8359 | D:7      | 8359 ||| FLEEEEING.
  8360 | D:7      | 8360 ||| FLEEEEING.
  8361 | D:7      | 8361 ||| FLEEEEING.
  8367 | D:7      | HP: 13/52 [poisoned by a kobold brigand]
  8395 | D:7      | 8395 ||| FLEEEEING.
  8400 | D:7      | 8400 ||| STAIRDANCE
  8615 | D:6      | 8615 ||| UPGRADING to ring of poison resistance.
  8616 | D:6      | 8616 ||| READING 2 scrolls of identify.
  8616 | D:6      | 8616 ||| IDENTIFYING bubbling silvery potion
  8622 | D:7      | Noticed a hornet
  8631 | D:7      | Killed a hornet
  8649 | D:7      | 8649 ||| FLEEEEING.
  8653 | D:7      | 8653 ||| STAIRDANCE
  8781 | D:7      | 8781 ||| Stepping ~*~*~tactically~*~*~ (stealth).
  8783 | D:7      | 8783 ||| Stepping ~*~*~tactically~*~*~ (stealth).
  8785 | D:7      | 8785 ||| INVOKING Heroism.
  9318 | D:7      | 9318 ||| DRINKING 2 grey potions.
  9319 | D:7      | 9319 ||| DROPPING potion of brilliance.
  9410 | D:8      | 9410 ||| Stepping ~*~*~tactically~*~*~ (hiding).
  9463 | D:8      | 9463 ||| INVOKING Heroism.
  9497 | D:8      | 9497 ||| Stepping ~*~*~tactically~*~*~ (stealth).
  9539 | D:8      | 9539 ||| Stepping ~*~*~tactically~*~*~ (hiding).
  9540 | D:8      | 9540 ||| Stepping ~*~*~tactically~*~*~ (hiding).
  9544 | D:8      | 9544 ||| INVOKING Heroism.
  9545 | D:8      | 9545 ||| Stepping randomly (cloudy).
  9546 | D:8      | 9546 ||| Stepping ~*~*~tactically~*~*~ (cloud).
  9553 | D:8      | Reached skill level 11 in Axes
  9553 | D:8      | 9553 ||| Stepping ~*~*~tactically~*~*~ (cloud).
  9699 | D:8      | Found a runed translucent gate.
  9699 | D:8      | Found a runed translucent gate.
  9699 | D:8      | Found a runed translucent gate.
  9703 | D:8      | Noticed qw's ghost (novice TeWr)
  9743 | D:8      | 9743 ||| INVOKING Heroism.
  9874 | D:8      | 9874 ||| Stepping ~*~*~tactically~*~*~ (stealth).
  9878 | D:8      | 9878 ||| INVOKING Heroism.
  9908 | D:8      | Noticed a hornet
  9912 | D:8      | Paralysed by a hornet for 1 turns
  9914 | D:8      | Killed a hornet
  9915 | D:8      | Reached skill level 12 in Axes
  9915 | D:8      | Reached XP level 10. HP: 56/59 MP: 15/15
 10097 | D:8      | You are sucked into a shaft and drop 2 floors!
 10097 | D:10     | Entered Level 10 of the Dungeon
 10149 | D:10     | Noticed a two-headed ogre
 10150 | D:10     | 10150 ||| Stepping ~*~*~tactically~*~*~ (hiding).
 10151 | D:10     | 10151 ||| INVOKING Heroism.
 10156 | D:10     | Reached *** piety under Okawaru
 10159 | D:10     | Killed a two-headed ogre
 10237 | D:10     | 10237 ||| Stepping ~*~*~tactically~*~*~ (stealth).
 10252 | D:10     | 10252 ||| INVOKING Heroism.
 10283 | D:10     | 10283 ||| Stepping ~*~*~tactically~*~*~ (stealth).
 10395 | D:10     | 10395 ||| Stepping ~*~*~tactically~*~*~ (stealth).
 10488 | D:10     | 10488 ||| INVOKING Heroism.
 10489 | D:10     | HP: 10/59 [warg (10)]
 10490 | D:10     | 10490 ||| READING scroll of teleportation.
 10491 | D:10     | 10491 ||| DRINKING 2 potions of heal wounds.
 10494 | D:10     | Found a staircase to the Orcish Mines.
 10495 | D:10     | Reached skill level 6 in Fighting
 10502 | D:10     | HP: 15/60 [warg (1)]
 10503 | D:10     | 10503 ||| DRINKING potion of heal wounds.
 10506 | D:10     | Reached **** piety under Okawaru
 10510 | D:10     | Reached skill level 3 in Dodging
 10683 | D:9      | 10683 ||| Stepping ~*~*~tactically~*~*~ (hiding).
 10701 | D:9      | 10701 ||| INVOKING Heroism.
 10916 | D:8      | 10916 ||| Stepping randomly (stuck).
 10917 | D:8      | 10917 ||| INVOKING Heroism.
 10924 | D:8      | HP: 15/60 [poisoned by qw's ghost]
 10924 | D:8      | HP: 4/60 [wraith (8)]
 10926 | D:8      | Slain by a wraith

Levels and vault maps discovered:
D:1:      ncdulo_halloftheorcs, layout_basic
D:2:      layout_basic, shapermc_ecumenical_altar_acropolis
D:3:      layout_basic, ebering_ghost_inner_flame, kennysheep_nondescript
D:4:      layout_basic, minmay_temple_entry_stoned_glass,
          minmay_fractal_squares_5, uniq_crazy_yiuf_cottage
D:5:      layout_basic, mainiacjoe_overflow_alcove_2,
          nicolae_overflow_crystal_walls, serial_shops, shop
D:6:      layout_loops_ring, lemuel_round_altar, uniq_menkaure
D:7:      layout_basic
D:8:      layout_rooms, gammafunk_ghost_spectres, minmay_holes,
          dreamdust_princess_corridor, nicolae_water_bricks
D:9:      layout_roguey, nicolae_yredelemnul_corpse_copse, kennysheep_path_1,
          hangedman_decor_peaks_small, feat_on_display
D:10:     layout_rooms, minmay_orc_entry_guard_dogs, enter_bailey_3,
          hangedman_decor_diamond_cutter
Temple:   dpeg_three_leaves_temple

Skill      XL: |  1  2  3  4  5  6  7  8  9 10 |
---------------+-------------------------------+-----
Axes           | 3 4 5 6 7 8 9 12 | 12.2
Armour         | 3 4 5 7 |  7.2
Fighting       | 3 4 5 6 |  6.0
Invocations    | 2 4 |  4.7
Dodging        | 3 |  3.0
Throwing       | |  1.0
Spellcasting   | |  2.0
Translocations | |  2.4

Action                   |  1- 3 |  4- 6 |  7- 9 | 10-12 || total
-------------------------+-------+-------+-------+-------++-------
Melee: Hand axe          |    83 |   121 |    40 |       ||   244
       Kick              |    18 |    27 |    80 |    28 ||   153
       Peck              |     6 |    17 |    55 |    15 ||    93
       Punch             |     1 |     3 |     7 |     2 ||    13
       War axe           |       |       |   261 |    67 ||   328
Throw: Boomerang         |     7 |     6 |    55 |     8 ||    76
Invok: Heroism           |       |     1 |    22 |     5 ||    28
  Use: Scroll            |     7 |     5 |     4 |     1 ||    17
       Potion            |       |     1 |     2 |     2 ||     5
Armor: Leather armour    |    21 |     1 |       |       ||    22
       Ring mail         |       |    13 |       |       ||    13
       Plate armour      |       |    21 |   123 |    26 ||   170
Dodge: Dodged            |    36 |    55 |   130 |    46 ||   267

Table legend:
 A = Non-vault XP
 B = Vault XP
 C = Vault XP percentage of total XP
 D = Non-vault monster count
 E = Vault monster count
 F = Vault count percentage of total count
                 A         B        C        D         E       F
            +---------+---------+-------+---------+---------+-------
      Total |    5853 |    1137 |  16.3 |     186 |      11 |   5.6
            +---------+---------+-------+---------+---------+-------
        D:1 |      49 |       0 |   0.0 |      28 |       0 |   0.0
        D:2 |      54 |       0 |   0.0 |      17 |       0 |   0.0
        D:3 |      69 |       0 |   0.0 |      19 |       0 |   0.0
        D:4 |     248 |     131 |  34.6 |      14 |       5 |  26.3
        D:5 |     758 |       0 |   0.0 |      29 |       0 |   0.0
        D:6 |     751 |     165 |  18.0 |      18 |       1 |   5.3
        D:7 |    1388 |       0 |   0.0 |      30 |       0 |   0.0
        D:8 |    1070 |     214 |  16.7 |      17 |       1 |   5.6
        D:9 |     164 |       0 |   0.0 |       6 |       0 |   0.0
       D:10 |    1302 |     627 |  32.5 |       8 |       4 |  33.3
            +---------+---------+-------+---------+---------+-------
